 Dungeon Sprint DCSS version 0.27-a0-1287-gca74d27db6 (webtiles) character file.

Game seed: 978218124867743247

6474 mhtbhm the Unseen (level 11, 0/83 HPs)
             Began as an Octopode Berserker on June 14, 2021.
             Was a High Priest of Trog.
             Slain by a spriggan defender (19 damage)
             ... in the Dungeon (Sprint IV: "Fedhas' Mad Dash").
             The game lasted 00:04:54 (4413 turns).

mhtbhm the Unseen (Octopode Berserker)              Turns: 4413, Time: 00:04:55

Health: 0/83       AC:  6    Str: 19    XL:     11   Next: 0%
Magic:  11/11      EV: 17    Int: 10    God:    Trog [*****.]
Gold:   41         SH:  0    Dex: 12    Spells: 10/10 levels left

rFire    . . .     SeeInvis .   a - +4 dire flail
rCold    . . .     Faith    .   (shield currently unavailable)
rNeg     . . .     Spirit   .   n - +5 hat of the Gusle {+Inv Will+}
rPois    .         Reflect  .   h - amulet of invisibility {+Inv}
rElec    .         Harm     .   (no ring)
rCorr    .         Rampage  .   (no ring)
Will     +....     NoTele   +   (no ring)
Stlth    +++++++...             (no ring)
HPRegen  0.23/turn              (no ring)
MPRegen  0.12/turn              (no ring)
                                (no ring)
                                (no ring)

@: on berserk cooldown, slowed, very slow
A: almost no armour, amphibious, 8 rings, camouflage 1, gelatinous body 1,
(nimble swimmer 1), tentacles
a: Renounce Religion, Evoke Invisibility, Berserk, Trog's Hand, Brothers in Arms


You were in the Dungeon.
You worshipped Trog.
Trog was extremely pleased with you.
You visited 1 branch You collected 230 gold pieces.
You spent 189 gold pieces at shops.

Inventory:

Hand Weapons
 a - a +4 dire flail (weapon)
Armour
 n - the +5 hat of the Gusle (worn) {+Inv Will+}
   (You bought it in a shop in the Dungeon)

   It lets you turn invisible.
   It increases your willpower.
Jewellery
 b - the ring of Panentheism {rC+++ Will+ Str-4 SInv Stlth+}
   (You found it in the Dungeon)

   [ring of willpower]

   It affects your strength (-4).
   It renders you almost immune to cold.
   It lets you see invisible.
   It increases your willpower.
   It makes you more stealthy.
 h - the amulet of invisibility (around mantle) {+Inv}
   (You found it in the Dungeon)

   [amulet of nothing]

   It lets you turn invisible.
Wands
 j - a wand of mindburst (10)
Potions
 d - a potion of haste
 e - 2 potions of magic
 f - a potion of berserk rage
 k - a potion of mutation {unknown}
 l - a potion of degeneration {unknown}
 m - 2 potions of brilliance {unknown}


   Skills:
 + Level 11.5 Fighting
 + Level 14.1 Maces & Flails
 + Level 11.1 Dodging
 + Level 15.7 Stealth
 + Level 10.9 Evocations


You had 10 spell levels left.
You didn't know any spells.
Your spell library was empty.

Dungeon Overview and Level Annotations

Branches:
Dungeon (1/1)

Altars:
Cheibriados
Dithmenos
Elyvilon
Gozag
Hepliaklqana
Kikubaaqudgha
Makhleb
Nemelex Xobeh
Okawaru
Qazlal
Ru
Sif Muna
Trog
Uskayaw
Vehumet
Wu Jian
Xom
Yredelemnul
Zin
The Shining One
Beogh
Jiyva
Lugonu

Shops:
D [=([**=[


Innate Abilities, Weirdness & Mutations

You cannot wear most types of armour.
You are amphibious.
You can wear up to eight rings at the same time.
Your skin changes colour to match your surroundings (Stealth+).
Your rubbery body absorbs attacks. (AC +1, EV +1)
((You are camouflaged near water. (Stealth+)))
You have tentacles for arms and can constrict up to eight enemies at once.


Message History

Unknown command.
You completely miss the spriggan defender.
Your grab misses the spriggan defender.
Your cyclops completely misses the spriggan defender.
Unknown command.
Unknown command.
You barely miss the spriggan defender. Your grab misses the spriggan defender.
You squeeze the spriggan defender!
The spriggan defender is lightly wounded.
The spriggan defender hits you with a +1 lajatang of speed!
* * * LOW HITPOINT WARNING * * *
Unknown command.
Unknown command.
Your cyclops completely misses the spriggan defender.
You feel a strong urge to attack something.
You are no longer berserk.
You are exhausted.
You feel yourself slow down.
Your cyclops rages.
Unknown command.
Blink to where?
Press: ? - help, Dir - move target
As you read the scroll of blinking, it crumbles to dust.
Your iron troll goes berserk!
Unknown command.
You feel much better.
The spriggan defender barely misses you.
The spriggan defender hits you with a +1 lajatang of speed!!
The spriggan defender hits you with a +1 lajatang of speed!
* * * LOW HITPOINT WARNING * * *
The spriggan defender misses you.
Unknown command.
Unknown command.
Unknown command.
As you read the scroll labelled RYJUFI JOUPN, it crumbles to dust.
You assume a fearsome visage.
The spriggan defender resists with almost no effort.
It was a scroll of fear.
The spriggan defender hits you with a +1 lajatang of speed!!
You die...

.#..._._._._...#..###'##.(.##∩#..
##.._._._._._..#.(##∩∩.'...#####.
.#._._._._._.⌠.#################.
.###################.....[###....
##♣♣♣♣♣..♣.###.').'.....).'.))..♣
'......♣..♣##:.#).#.P.....#######
#♣..♣♣♣.♣).###.##'##.P....#
#.♣♣.[♣...♣'...#♣)♣######## ##
############@iC..####
#..♣T.♣....###
#...♣......♣...♣###
.......♣.....∩.∩...:#
#####################


You could see a spriggan defender (ally target), a friendly iron troll
(summoned, berserk) and a friendly cyclops (summoned, berserk).

Vanquished Creatures
  A spriggan druid (D)
  6 oklob plants (D)
  A demonic crawler (D)
  A hornet (D)
  3 burning bushes (D)
  A queen bee (D)
  3 wandering mushrooms (D)
  3 scorpions (D)
  4 killer bees (D)
  5 oklob saplings (D)
  5 spriggans (D)
  A river rat (D)
  A rat (D)
  A ballistomycete spore (D)
36 creatures vanquished.

Vanquished Creatures (collateral kills)
  Agnes (D)
  A spriggan berserker (D)
2 creatures vanquished.

Grand Total: 38 creatures vanquished

Notes
Turn   | Place    | Note
-------+----------+-------------------------------------------
     0 | D        | mhtbhm the Octopode Berserker began the quest for the Orb.
     0 | D        | Reached XP level 1. HP: 16/16 MP: 1/1
     8 | D        | Reached XP level 2. HP: 22/22 MP: 2/2
   107 | D        | Noticed an oklob sapling
   110 | D        | Killed an oklob sapling
   110 | D        | Reached ** piety under Trog
   111 | D        | Reached XP level 3. HP: 11/27 MP: 3/3
   321 | D        | Noticed a scorpion
   322 | D        | Found the amulet of invisibility {+Inv}
   324 | D        | Killed a scorpion
   325 | D        | Reached skill level 5 in Fighting
   325 | D        | Reached skill level 5 in Maces & Flails
   325 | D        | Reached skill level 5 in Dodging
   325 | D        | Reached XP level 4. HP: 36/36 MP: 4/4
   466 | D        | Found an opulent altar of Gozag.
   466 | D        | Found a hazy altar of Hepliaklqana.
   466 | D        | Found a burning altar of Makhleb.
   466 | D        | Found a sparkling altar of Nemelex Xobeh.
   466 | D        | Found a snail-covered altar of Cheibriados.
   466 | D        | Found a sacrificial altar of Ru.
   466 | D        | Found a shimmering blue altar of Sif Muna.
   466 | D        | Found a shimmering altar of Xom.
   466 | D        | Found a basalt altar of Yredelemnul.
   467 | D        | Found a viscous altar of Jiyva.
   467 | D        | Found a bloodstained altar of Trog.
   467 | D        | Found an ornate altar of the Wu Jian Council.
   467 | D        | Noticed an oklob sapling priest
   468 | D        | Found an iron altar of Okawaru.
   468 | D        | Found a shadowy altar of Dithmenos.
   468 | D        | Found a glowing silver altar of Zin.
   469 | D        | Found an ancient bone altar of Kikubaaqudgha.
   469 | D        | Found a hide-covered altar of Uskayaw.
   470 | D        | Found a stormy altar of Qazlal.
   470 | D        | Found a white marble altar of Elyvilon.
   470 | D        | Found a glowing golden altar of the Shining One.
   471 | D        | Found a corrupted altar of Lugonu.
   471 | D        | Found a radiant altar of Vehumet.
   476 | D        | Killed an oklob sapling priest
   477 | D        | Reached XP level 5. HP: 42/42 MP: 3/5
   521 | D        | Reached *** piety under Trog
   522 | D        | Reached skill level 1 in Evocations
   583 | D        | Reached skill level 1 in Stealth
   583 | D        | Reached XP level 6. HP: 34/49 MP: 3/6
   746 | D        | Found Keomm's Jewellery Shop.
   746 | D        | Found Idiur's Antique Armour Emporium.
   854 | D        | Noticed a burning bush
   854 | D        | Noticed a wandering mushroom
   855 | D        | Noticed a wandering mushroom
   862 | D        | Reached **** piety under Trog
   866 | D        | Killed a wandering mushroom
   867 | D        | Reached skill level 2 in Stealth
   867 | D        | Reached XP level 7. HP: 52/56 MP: 5/7
   873 | D        | Killed a burning bush
   874 | D        | Reached skill level 10 in Maces & Flails
   874 | D        | Reached skill level 3 in Stealth
   875 | D        | Found Paal's Assorted Antiques.
   875 | D        | Found Wuochij's General Store.
  1533 | D        | Noticed a queen bee
  1541 | D        | Reached ***** piety under Trog
  1542 | D        | Reached skill level 4 in Stealth
  1543 | D        | Reached XP level 8. HP: 63/63 MP: 6/8
  1546 | D        | Reached skill level 5 in Evocations
  1552 | D        | Killed a queen bee
  1553 | D        | Reached skill level 5 in Stealth
  1756 | D        | Noticed an oklob plant
  1761 | D        | Killed an oklob plant
  1762 | D        | Reached skill level 6 in Stealth
  1819 | D        | Noticed a burning bush
  1828 | D        | Killed a burning bush
  1829 | D        | Reached skill level 10 in Fighting
  1829 | D        | Reached skill level 10 in Dodging
  1829 | D        | Reached skill level 7 in Stealth
  1829 | D        | Reached XP level 9. HP: 70/70 MP: 7/9
  1833 | D        | Identified the ring of Panentheism {rC+++ Will+ Str-4 SInv
                  | Stlth+}
  2011 | D        | Noticed a burning bush
  2011 | D        | Noticed an oklob plant
  2012 | D        | Noticed a wandering mushroom
  2020 | D        | Killed a burning bush
  2147 | D        | Killed an oklob plant
  2148 | D        | Reached skill level 9 in Stealth
  2151 | D        | HP: 2/106 [acid (12)]
  2153 | D        | Reached ****** piety under Trog
  2482 | D        | Killed a wandering mushroom
  2482 | D        | Received a gift from Trog
  2483 | D        | Reached skill level 10 in Stealth
  2647 | D        | Noticed a spriggan druid
  2653 | D        | Killed a spriggan druid
  2654 | D        | Reached skill level 11 in Stealth
  2792 | D        | Noticed an oklob plant conjurer
  2796 | D        | Killed an oklob plant conjurer
  2797 | D        | Reached XP level 10. HP: 57/77 MP: 10/10
  3003 | D        | Noticed an oklob plant
  3003 | D        | Noticed an oklob plant summoner
  3004 | D        | Noticed an oklob plant shifter
  3016 | D        | Killed an oklob plant
  3017 | D        | Reached skill level 12 in Stealth
  3021 | D        | Killed an oklob plant summoner
  3022 | D        | Reached skill level 13 in Stealth
  3022 | D        | Reached skill level 10 in Evocations
  3447 | D        | Killed an oklob plant shifter
  3447 | D        | Received a gift from Trog
  3630 | D        | Noticed a spriggan rider
  3640 | D        | Reached skill level 14 in Stealth
  3644 | D        | Found Ycuazyov's Jewellery Emporium.
  3684 | D        | Found Fuocryff's Antique Armour Shoppe.
  3814 | D        | Bought a jewelled hat for 189 gold pieces
  3814 | D        | Identified the +5 hat of the Gusle {+Inv Will+} (You bought
                  | it in a shop in the Dungeon)
  3981 | D        | Noticed Agnes
  3990 | D        | Killed Agnes
  3990 | D        | Received a gift from Trog
  3991 | D        | Reached skill level 15 in Stealth
  3991 | D        | Noticed a spriggan berserker
  3995 | D        | Killed a spriggan berserker
  3996 | D        | Reached XP level 11. HP: 83/83 MP: 11/11
  4373 | D        | Found Una Zapn's Antique Weapon Emporium.
  4387 | D        | Found Ropt's Antique Armour Shoppe.
  4392 | D        | Noticed a spriggan defender
  4413 | D        | Slain by a spriggan defender

Illustrated notes

Levels and vault maps discovered:
D:        dungeon_sprint_fedhas [sprint_temple]

Skill      XL: |  1  2  3  4  5  6  7  8  9 10 |
---------------+-------------------------------+-----
Fighting       | 4 5 6 7 8 9 10 11 | 11.5
Maces & Flails | 4 5 6 7 9 10 11 12 14 | 14.1
Dodging        | 4 5 6 7 8 9 10 11 | 11.1
Evocations     | 2 3 4 7 9 10 | 10.9
Stealth        | 1 2 4 7 11 15 | 15.7

Action                   |  1- 3 |  4- 6 |  7- 9 | 10-12 || total
-------------------------+-------+-------+-------+-------++-------
Melee: Mace              |     7 |    25 |    79 |    14 ||   125
       Constrict         |     1 |     7 |    12 |     5 ||    25
       Tentacles         |     1 |     6 |    21 |     8 ||    36
       Dire flail        |       |       |       |    28 ||    28
Invok: Berserk           |     3 |     4 |    10 |     6 ||    23
       Brothers in Arms  |       |       |       |     3 ||     3
 Abil: Evoke Invisibilit |       |     3 |     6 |     2 ||    11
Evoke: Wand              |       |       |       |     1 ||     1
  Use: Potion            |       |       |     1 |     1 ||     2
       Scroll            |       |       |       |     2 ||     2
 Stab: Sleeping          |       |     1 |     2 |     1 ||     4
       Invisible         |       |       |    11 |     3 ||    14
Dodge: Dodged            |     2 |    15 |    23 |    16 ||    56

Table legend: (Time is in decaauts)
 A = Elapsed time spent in this place.
 B = Non-inter-level travel time spent in this place.
 C = Inter-level travel time spent in this place.
 D = Time resting spent in this place.
 E = Time spent auto-exploring this place.
 F = Levels seen in this place.
 G = Mean time per level.
                   A        B        C        D        E       F      G
               +--------+--------+--------+--------+--------+-----+--------+
         Total |   4578 |   4578 |      0 |   4001 |      3 |   1 | 4578.0 |
       Dungeon |   4578 |   4578 |      0 |   4001 |      3 |   1 | 4578.0 |
               +--------+--------+--------+--------+--------+-----+--------+

Top non-repeatable levels by time:
       D: 4578 daAuts
